 Dungeon Crawl Stone Soup version 0.25-a0-869-g05d4e06a41 (webtiles) character file.

Game seed: 5050807539953513190, levelgen mode: deterministic

754 Maedhros the Insei (level 7, -3/43 HPs)
             Began as an Octopode Artificer on May 1, 2020.
             Killed by nerve-wracking pain
             ... invoked by a shadow imp
              (9 damage)
             ... on level 5 of the Dungeon.
             The game lasted 00:02:58 (2038 turns).

Maedhros the Insei (Octopode Artificer)             Turns: 2038, Time: 00:02:59

Health: -3/43      AC:  1    Str: 11    XL:     7   Next: 79%
Magic:  9/9        EV: 13    Int: 14    God:
Gold:   91         SH:  2    Dex: 14    Spells: 6/6 levels left

rFire    . . .     SeeInvis .     - Unarmed
rCold    . . .     Gourm    .   (no shield)
rNeg     . . .     Faith    .   (helmet restricted)
rPois    .         Spirit   .   j - +2 amulet of reflection
rElec    .         Reflect  +   (no ring)
rCorr    .         Harm     .   (no ring)
MR       .....                  (no ring)
Stlth    ++++......             (no ring)
HPRegen  0.14/turn              (no ring)
MPRegen  0.11/turn              (no ring)
                                (no ring)
                                (no ring)

@: no status effects
A: almost no armour, stealthy swim, amphibious, 8 rings, constrict 8, camouflage
1, gelatinous body 1
a: no special abilities


You were on level 5 of the Dungeon.
You were hungry.

You visited 1 branch of the dungeon, and saw 5 of its levels.

You collected 91 gold pieces.

Inventory:

Hand Weapons
 a - a +0 short sword
Jewellery
 j - a +2 amulet of reflection (around mantle)
Wands
 b - a wand of flame (10)
 c - a wand of enslavement (6)
 d - a wand of random effects (3)
 k - a wand of polymorph (1)
Scrolls
 e - 2 scrolls of identify {unknown}
 g - 2 scrolls of teleportation {unknown}
 h - 2 scrolls of enchant weapon {unknown}
 l - a scroll of noise {unknown}
Potions
 i - a potion of curing
 m - a potion of brilliance {unknown}
 n - a potion of stabbing {unknown}
Comestibles
 f - 2 rations


   Skills:
 - Level 1.0 Fighting
 - Level 1.0 Short Blades
 - Level 2.0 Dodging
 - Level 4.0 Stealth
 + Level 7.8 Unarmed Combat
 - Level 3.2 Evocations


You had 6 spell levels left.
You didn't know any spells.
Your spell library was empty.

Dungeon Overview and Level Annotations

Branches:
Dungeon (5/15)
 Temple: D:4-7

Altars:
Dithmenos

Annotations:
D:1 1 runed translucent door


Innate Abilities, Weirdness & Mutations

You cannot wear most types of armour.
You are very stealthy in the water. (Stealth+)
You are amphibious.
You can wear up to eight rings at the same time.
You can use your tentacles to constrict eight enemies at once.
Your skin changes colour to match your surroundings (Stealth+).
Your rubbery body absorbs attacks. (AC +1, EV +1)


Message History

Okay, then.
Evoke which item? (* to show all) (? for menu, Esc to quit)
Aiming: Throw Flame
Press: ? - help, Shift-Dir - straight line, f - sky beast
Aim: a sky beast (almost dead)
The puff of flame hits the sky beast.
You kill the sky beast!
Evoke which item? (* to show all) (? for menu, Esc to quit)
Aiming: Random Effects
Press: ? - help, Shift-Dir - straight line, f - shadow imp
Aim: a shadow imp
Okay, then.
Evoke which item? (* to show all) (? for menu, Esc to quit)
Aiming: Enslavement
Press: ? - help, Shift-Dir - straight line, f - shadow imp
Aim: a shadow imp (chance to defeat MR: 64%)
The shadow imp struggles to resist.
The shadow imp gestures at you. Pain shoots through your body!
You die...

..............#
.#####..#####.###
###.....<.......# #
>##.....#####.#.## .#
..#.....#####....###.###
♣.#......[..............
..#.....#####........#
.##.....# #........#
#####...# ##..@##.####
#...##.#########†......#
..♣.<####..... #5##.##.#
#...## #.....##l...##(#
##### #.........#......
.## #.....##....##..#
..# #..... #....# # ♣.#
###### #[$...... ..#
##....##.


You could see a shadow imp and a frilled lizard.

Vanquished Creatures
  Duvessa (D:4)
  A sky beast (D:5)
  A phantom (D:5)
  2 scorpions (D:4)
  2 crimson imps
  A hound (D:4)
  2 orc wizards (D:4)
  An iguana (D:4)
  4 adders
  An ooze (D:2)
  A leopard gecko (D:4)
  2 orcs (D:4)
  A giant cockroach (D:3)
  2 goblins
  3 hobgoblins
  A ball python (D:2)
  3 bats (D:2)
  2 frilled lizards
  3 kobolds
  4 rats
38 creatures vanquished.

Vanquished Creatures (collateral kills)
  Dowan (D:4)
  A centaur skeleton (D:4)
  An orc (D:4)
3 creatures vanquished.

Grand Total: 41 creatures vanquished

Notes
Turn   | Place    | Note
-------+----------+-------------------------------------------
     0 | D:1      | Maedhros the Octopode Artificer began the quest for the
                  | Orb.
     0 | D:1      | Reached XP level 1. HP: 13/13 MP: 3/3
     1 | D:1      | Found a runed translucent door.
   349 | D:2      | Reached XP level 2. HP: 12/18 MP: 4/4
   628 | D:2      | Reached skill level 1 in Unarmed Combat
   628 | D:2      | Reached XP level 3. HP: 12/23 MP: 5/5
   729 | D:3      | Reached skill level 2 in Unarmed Combat
   768 | D:4      | Reached XP level 4. HP: 21/28 MP: 6/6
   802 | D:4      | Reached skill level 3 in Unarmed Combat
   952 | D:4      | Noticed Dowan
   955 | D:4      | Noticed Duvessa
   995 | D:4      | Killed Dowan
   995 | D:4      | Reached XP level 5. HP: 19/33 MP: 7/7
  1058 | D:5      | Entered Level 5 of the Dungeon
  1069 | D:5      | Reached skill level 4 in Unarmed Combat
  1117 | D:5      | Noticed a phantom
  1143 | D:4      | Found a shadowy altar of Dithmenos.
  1282 | D:4      | Reached skill level 5 in Unarmed Combat
  1282 | D:4      | Reached XP level 6. HP: 15/38 MP: 8/8
  1618 | D:4      | Killed Duvessa
  1618 | D:4      | Reached skill level 6 in Unarmed Combat
  1618 | D:4      | Reached XP level 7. HP: 7/43 MP: 9/9
  1890 | D:4      | Reached skill level 7 in Unarmed Combat
  2038 | D:5      | Killed from afar by a shadow imp

Levels and vault maps discovered:
D:1:      dpeg_arrival_caged_fury, layout_basic
D:2:      layout_basic, lemuel_doored_altar, uniq_natasha
D:3:      layout_basic, gammafunk_ghost_smash, first_ration, uniq_ijyb,
          uniq_terence
D:4:      layout_rooms, grunt_dithmenos_smoke, uniq_duvessa
D:5:      layout_loops_cross, grunt_ministairs_4, chequers_serial_rivers_room_b,
          xom_teletrap_fun

Skill      XL: |  1  2  3  4  5  6  7 |
---------------+----------------------+-----
Stealth        | 3 4 |  4.0
Unarmed Combat | 1 2 3 5 6 7 |  7.8
Fighting       | |  1.0
Short Blades   | |  1.0
Dodging        | |  2.0
Evocations     | |  3.2

Action                   |  1- 3 |  4- 6 |  7- 9 || total
-------------------------+-------+-------+-------++-------
Melee: Short sword       |    45 |    54 |       ||    99
       Constrict         |    12 |     8 |     5 ||    25
       Tentacles         |     6 |    11 |     7 ||    24
       Unarmed           |       |     6 |    25 ||    31
       Punch             |       |     3 |     1 ||     4
Evoke: Wand              |       |    20 |     6 ||    26
  Use: Potion            |       |     2 |       ||     2
 Stab: Sleeping          |     8 |     4 |     1 ||    13
  Eat: Chunk             |       |     1 |     2 ||     3
Armor: Skin              |     8 |     8 |       ||    16
Dodge: Dodged            |    28 |    21 |    14 ||    63
Block: Other             |       |     2 |     1 ||     3

Table legend:
 A = Non-vault XP
 B = Vault XP
 C = Vault XP percentage of total XP
 D = Non-vault monster count
 E = Vault monster count
 F = Vault count percentage of total count
                 A         B        C        D         E       F
            +---------+---------+-------+---------+---------+-------
      Total |     738 |     340 |  31.5 |      37 |       4 |   9.8
            +---------+---------+-------+---------+---------+-------
        D:1 |       3 |       0 |   0.0 |       3 |       0 |   0.0
        D:2 |      48 |       0 |   0.0 |      14 |       0 |   0.0
        D:3 |      22 |       0 |   0.0 |       5 |       0 |   0.0
        D:4 |     398 |     291 |  42.2 |      13 |       2 |  13.3
        D:5 |     267 |      49 |  15.5 |       2 |       2 |  50.0
            +---------+---------+-------+---------+---------+-------
